 Dungeon Crawl Stone Soup version 0.27-a0-1501-g9d6fb14e67 (webtiles) character file.

Game seed: 11862404122600275860

1344 Lekart the Slasher (level 8, -6/60 (62) HPs)
             Began as a Red Draconian Chaos Knight on July 8, 2021.
             Was a Plaything of Xom.
             Mangled by a chaos spawn (16 damage)
             ... summoned by Xom
             ... on level 6 of the Dungeon.
             The game lasted 00:08:10 (6249 turns).

Lekart the Slasher (Red Draconian Chaos Knight)     Turns: 6249, Time: 00:08:11

HP:   -6/60 (62)    AC:  6    Str: 16    XL:     8   Next: 36%
MP:   12/13         EV: 13    Int: 13    God:    Xom [*.....]
Gold: 246           SH:  0    Dex: 11    Spells: 14/14 levels left

rFire    + . .     SeeInvis .   a - +0 falchion (vamp)
rCold    . . .     Faith    .   (no shield)
rNeg     . . .     Spirit   .   (armour unavailable)
rPois    .         Reflect  .   (helmet restricted)
rElec    .         Harm     .   (no cloak)
rCorr    .         Rampage  .   (no gloves)
Will     .....                  (no boots)
Stlth    +.........             (no amulet)
HPRegen  0.20/turn              (no ring)
MPRegen  0.13/turn              (no ring)

@: unable to read, slowed, lightly drained, very slow
A: breathe fire, AC +6, unfitting armour, fire resistance 1, cold-blooded,
antennae 1, deterioration 1, frail 1, wild magic 1, evolution 1, inability to
read while threatened
a: Breathe Fire, Renounce Religion


You were on level 6 of the Dungeon.
You worshipped Xom.
You were a special plaything of Xom.
You visited 1 branch of the dungeon, and saw 6 of its levels.

You collected 246 gold pieces.

Inventory:

Hand Weapons
 a - a +0 vampiric falchion (weapon)
Missiles
 g - 6 javelins (quivered)
Jewellery
 f - a ring of poison resistance
Wands
 k - a wand of acid (7)
Scrolls
 b - a scroll of fog
 c - a scroll of amnesia
 j - a scroll of teleportation
 m - a scroll of identify
Potions
 d - a potion of might
 e - a potion of ambrosia
 h - a potion of lignification
 i - a potion of curing
 l - a potion of invisibility {unknown}


   Skills:
 + Level 5.5 Fighting
 + Level 7.0 Long Blades
 + Level 2.4 Throwing
 + Level 4.0 Dodging
 * Level 3.8 Spellcasting
 + Level 1.4 Evocations


You had 14 spell levels left.
You didn't know any spells.
Your spell library contained the following spells:

 Spells                   Type           Power      Damage    Failure   Level
 Call Canine Familiar     Summ           3%         N/A       63%         3
 Portal Projectile        Hex/Tloc       6%         N/A       63%         3
 Stone Arrow              Conj/Erth      6%         3d7       63%         3
 Leda's Liquefaction      Hex/Erth       1%         N/A       95%         4
 Lehudib's Crystal Spear  Conj/Erth      1%         10d2      100%        8
 Animate Armour           Summ/Erth      Unusable   N/A       N/A         4

Dungeon Overview and Level Annotations

Branches:
Dungeon (6/15)
 Temple: D:4-7

Altars:


Innate Abilities, Weirdness & Mutations

You can breathe blasts of fire.
Your fiery red scales are hard. (AC +6)
You cannot fit into any form of body armour.
Your flesh is heat resistant. (rF+)
You are cold-blooded and may be slowed by cold attacks.
You have a pair of small antennae on your head.
Your body sometimes deteriorates upon taking damage.
You are frail. (-10% HP)
Your spells are a little harder to cast, but a little more powerful.
You evolve.
You sometimes lose the ability to read scrolls when taking damage.


Message History

The white imp is severely wounded.
The chaos spawn hits you!
The chaos spawn draws strength from your injuries!
The white imp gestures at you. The puff of frost hits you.
You hit the white imp.
You kill the white imp!
The chaos spawn gores you.
You feel your power leaking away.
You hit the shadow imp.
The shadow imp is heavily wounded.
The chaos spawn gores you! The shadow imp closely misses you.
You hit the shadow imp but do no damage.
The shadow imp is heavily wounded.
The chaos spawn barely misses you.
You riposte.
You hit the chaos spawn.
The chaos spawn is lightly wounded.
The shadow imp hits you.
You barely miss the shadow imp.
The shadow imp is heavily wounded.
The chaos spawn closely misses you.
You riposte.
You hit the chaos spawn.
The chaos spawn is lightly wounded.
The shadow imp barely misses you.
You hit the shadow imp. You tail-slap the shadow imp.
The shadow imp is severely wounded.
The chaos spawn hits you but does no damage.
The shadow imp closely misses you.
You barely miss the shadow imp.
Your tail-slap misses the shadow imp.
The shadow imp is heavily wounded.
The chaos spawn hits you!
* * * LOW HITPOINT WARNING * * *
You feel drained.
* * * LOW HITPOINT WARNING * * *
The shadow imp gestures at you.
You struggle to resist.
You closely miss the shadow imp.
The shadow imp is heavily wounded.
The chaos spawn hits you.
* * * LOW HITPOINT WARNING * * *
The chaos spawn freezes you!
You feel yourself slow down.
You die...

### ∆ #.. ∆
#.# #.# #.#
#.#
##.######.#
#.54@5..>.#
#..#####..#
#..# #..#
#..## #...#
#.#.# ..
#.#.####.##
#.#........


You could see a chaos spawn (summoned), a quasit (summoned) and a shadow imp
(summoned).

Vanquished Creatures
  Grinder (D:3)
  Sigmund (D:5)
  A water moccasin (D:5)
  An ice beast (D:5)
  A necrophage (D:5)
  An ogre (D:5)
  3 scorpions
  A hound (D:5)
  A bullfrog skeleton (D:5)
  A centaur skeleton (D:6)
  An orc wizard (D:5)
  Ijyb (D:3)
  Terence (D:3)
  3 iguanas
  Natasha (thrice) (D:3)
  A hound zombie (D:5)
  A mummy (D:5)
  6 adders
  A white imp (D:6)
  A worm (D:4)
  2 dart slugs
  5 orcs
  9 ball pythons
  5 endoplasms
  4 giant cockroaches
  7 goblins
  2 hobgoblins
  7 quokkas
  3 bats
  A frilled lizard (D:1)
  3 hobgoblin zombies (D:5)
  A kobold (D:1)
  An orc zombie (D:5)
  4 rats
85 creatures vanquished.

Vanquished Creatures (collateral kills)
  An orc (D:5)
1 creature vanquished.

Vanquished Creatures (others)
  2 plants (D:3)
2 creatures vanquished.

Grand Total: 88 creatures vanquished

Notes
Turn   | Place    | Note
-------+----------+-------------------------------------------
     0 | D:1      | Lekart the Draconian Chaos Knight began the quest for the
                  | Orb.
     0 | D:1      | Reached XP level 1. HP: 19/19 MP: 1/1
   450 | D:1      | XOM: divination: magic mapping
   463 | D:1      | XOM: silly message
   465 | D:1      | XOM: noise
   468 | D:1      | Reached XP level 2. HP: 24/26 MP: 2/2
   850 | D:1      | XOM is BORED!
   850 | D:1      | XOM: torment (14/26 hp)
  1032 | D:1      | XOM: cloud trail
  1381 | D:2      | Reached XP level 3. HP: 32/33 MP: 3/3
  1858 | D:2      | Reached skill level 1 in Spellcasting
  2114 | D:2      | Reached XP level 4. HP: 28/40 MP: 5/5
  2359 | D:3      | Noticed Natasha
  2363 | D:3      | Killed Natasha
  2452 | D:3      | Reached skill level 4 in Long Blades
  2500 | D:3      | Noticed Grinder
  2505 | D:3      | XOM: potion effect (might)
  2506 | D:3      | Killed Grinder
  2507 | D:3      | Reached skill level 5 in Long Blades
  2507 | D:3      | Reached skill level 1 in Throwing
  2507 | D:3      | Reached XP level 5. HP: 6/47 MP: 6/8
  2507 | D:3      | Reached XP level 6. HP: 7/53 MP: 6/9
  2627 | D:3      | Noticed Natasha
  2795 | D:3      | Killed Natasha
  2967 | D:3      | Found a faded altar of an unknown god.
  3001 | D:3      | Noticed Ijyb
  3007 | D:3      | Killed Ijyb
  3009 | D:3      | XOM: 10-stop teleportation journey
  3010 | D:3      | Noticed Terence
  3013 | D:3      | XOM: chaos upgrade
  3023 | D:3      | Killed Terence
  3333 | D:3      | Noticed Natasha
  3340 | D:3      | Killed Natasha
  3372 | D:3      | XOM: summons 4 hostile demons
  3376 | D:3      | XOM: smoke on damage
  3647 | D:3      | XOM: noise
  3688 | D:4      | XOM: repel stairs
  3871 | D:4      | Your scales start taking on a fiery red colour.
  3871 | D:4      | Reached XP level 7. HP: 60/60 MP: 10/10
  3871 | D:4      | Gained mutation: Your flesh is heat resistant. (rF+) [Red
                  | Draconian growth]
  4017 | D:4      | XOM: summons 1 hostile shadow creature
  4292 | D:5      | Entered Level 5 of the Dungeon
  4316 | D:5      | XOM: stat loss: -1 Int (11/12)
  4370 | D:5      | Reached skill level 6 in Long Blades
  4767 | D:5      | XOM: summons 3 hostile shadow creatures
  4852 | D:5      | XOM: stat loss: -1 Str (15/16)
  5042 | D:5      | Reached skill level 5 in Fighting
  5092 | D:5      | Noticed Sigmund
  5105 | D:5      | Killed Sigmund
  5106 | D:5      | Reached skill level 1 in Evocations
  5106 | D:5      | Reached XP level 8. HP: 66/68 MP: 11/13
  5115 | D:5      | Identified the +2 flail of Revolt {freeze, Drain rCorr
                  | Int+4 Dex-3}
  5156 | D:5      | XOM: give mutations
  5156 | D:5      | Gained mutation: You are frail. (-10% HP) [Xom's mischief]
  5156 | D:5      | Gained mutation: You are weak. (Str -2) [Xom's mischief]
  5156 | D:5      | Gained mutation: Your body sometimes deteriorates upon
                  | taking damage. [Xom's mischief]
  5156 | D:5      | Gained mutation: You sometimes lose the ability to read
                  | scrolls when taking damage. [Xom's mischief]
  5213 | D:5      | XOM: summons 3 friendly demons
  5447 | D:5      | XOM: butterfly on damage
  5550 | D:5      | XOM: 2-stop teleportation journey
  5667 | D:5      | XOM: summons friendly crimson imp
  5940 | D:5      | XOM: give mutations
  5940 | D:5      | Gained mutation: Your spells are a little harder to cast,
                  | but a little more powerful. [Xom's grace]
  5940 | D:5      | Gained mutation: You have a pair of small antennae on your
                  | head. [Xom's grace]
  5940 | D:5      | Lost mutation: You are weak. (Str -2) [Xom's grace]
  5940 | D:5      | Gained mutation: You evolve. [Xom's grace]
  5982 | D:5      | XOM: noise
  6222 | D:6      | XOM: divination: detect items
  6227 | D:6      | Reached skill level 7 in Long Blades
  6236 | D:6      | XOM: summons 4 hostile demons
  6249 | D:6      | Mangled by a chaos spawn

Illustrated notes

Levels and vault maps discovered:
D:1:      dpeg_arrival_erosion, layout_basic
D:2:      layout_basic, kennysheep_nondescript, minmay_tromino_v7
D:3:      layout_loops_cross, shapermc_ecumenical_altar_ellora, uniq_ijyb,
          uniq_terence, uniq_grinder, uniq_natasha
D:4:      layout_gridville
D:5:      layout_basic, minmay_mini_ossuary, uniq_sigmund
D:6:      layout_loops_ring, mainiacjoe_overflow_chevrons

Skill      XL: |  1  2  3  4  5  6  7  8 |
---------------+-------------------------+-----
Spellcasting   | 1 2 3 |  3.8
Long Blades    | 5 6 7 |  7.0
Fighting       | 4 5 |  5.5
Throwing       | 1 2 |  2.4
Dodging        | 3 4 |  4.0
Evocations     | 1 |  1.4

Action                   |  1- 3 |  4- 6 |  7- 9 || total
-------------------------+-------+-------+-------++-------
Melee: Falchion          |    88 |    81 |   154 ||   323
       Tailslap          |     9 |     9 |    14 ||    32
Throw: Javelin           |     4 |    15 |    12 ||    31
 Abil: Breathe Fire      |       |       |     5 ||     5
Evoke: Wand              |       |       |     9 ||     9
  Use: Potion            |       |     1 |     1 ||     2
       Scroll            |       |       |     8 ||     8
 Stab: Paralysed         |     2 |       |       ||     2
       Sleeping          |     1 |     1 |       ||     2
       Petrifying        |     1 |       |       ||     1
Armor: Skin              |    36 |    35 |    59 ||   130
Dodge: Dodged            |    63 |    79 |   105 ||   247
       Rpst.: Falchion   |    22 |    13 |    38 ||    73

Table legend: (Time is in decaauts)
 A = Elapsed time spent in this place.
 B = Non-inter-level travel time spent in this place.
 C = Inter-level travel time spent in this place.
 D = Time resting spent in this place.
 E = Time spent auto-exploring this place.
 F = Levels seen in this place.
 G = Mean time per level.
                   A        B        C        D        E       F      G
               +--------+--------+--------+--------+--------+-----+--------+
         Total |   6287 |   6120 |    167 |   1028 |   4341 |   6 | 1047.8 |
       Dungeon |   6287 |   6120 |    167 |   1028 |   4341 |   6 | 1047.8 |
               +--------+--------+--------+--------+--------+-----+--------+

Top non-repeatable levels by time:
     D:5: 1915 daAuts
     D:1: 1379 daAuts
     D:3: 1243 daAuts
     D:2: 1094 daAuts
     D:4: 613 daAuts
     D:6: 40 daAuts
